 Dungeon Crawl Stone Soup version 0.32-a0-422-g28b100f618 (webtiles) character file.

Game seed: 15570919766198530123

117 Alarak the Trooper (level 4, 0/44 HPs)
             Began as a Mountain Dwarf Fighter on Feb 22, 2024.
             Slain by Crazy Yiuf
             ... wielding a +4 quarterstaff of chaos
              (6 damage)
             ... on level 2 of the Dungeon.
             The game lasted 00:02:27 (1783 turns).

Alarak the Trooper (Mountain Dwarf Fighter)         Turns: 1783, Time: 00:02:28

Health: 0/44       AC: 10    Str: 20    XL:     4   Next: 71%
Magic:  4/4        EV:  7    Int: 15    God:
Gold:   83         SH:  4    Dex:  9    Spells: 3/3 levels left

rFire   x . .        a - +0 war axe
rCold   + . .        c - +0 buckler
rNeg    . . .        p - +0 chain mail
rPois   .            (no helmet)
rElec   .            m - +0 cloak
rCorr   .            (no gloves)
SInv    .            (no boots)
Will    .....        (no amulet) Stlth
                     e - ring of ice
HPRegen 0.27/turn    h - +6 ring of intelligence
MPRegen 0.09/turn

%: no passive effects
@: no status effects
A: runic magic, artefact enchanting
a: no special abilities


You were on level 2 of the Dungeon.
You visited 1 branch of the dungeon, and saw 2 of its levels.

You collected 83 gold pieces.

Inventory:

Hand Weapons
 a - a +0 war axe (weapon)
Armour
 b - a +0 scale mail
 c - a +0 buckler (worn)
 m - a +0 cloak (worn)
 p - a +0 chain mail (worn)
Jewellery
 e - a ring of ice (left hand)
 h - a +6 ring of intelligence (right hand)
Scrolls
 g - 2 scrolls of identify
 i - a scroll of fog
 k - a scroll of enchant armour {unknown}
 l - a scroll of immolation {unknown}
 n - 3 scrolls of teleportation {unknown}
 o - a scroll of noise {unknown}
Potions
 d - a potion of might
 f - 2 potions of curing
 j - a potion of berserk rage {unknown}


   Skills:
 + Level 6.1 Fighting
 - Level 2.4 Axes
 - Level 3.2 Armour
 - Level 3.2 Shields


You had 3 spell levels left.
You didn't know any spells.
Your spell library was empty.

Dungeon Overview and Level Annotations

Branches:
Dungeon (2/15)

Altars:

Shops:
D:1 !

Annotations:
D:2 Crazy Yiuf


Innate Abilities, Weirdness & Mutations

Your spellcasting is much less encumbered by armour.
You can use scrolls of enchantment on lesser artefacts.


Message History

You start removing your armour.
You continue removing your +0 scale mail. x4
You finish removing your +0 scale mail.
You start putting on your armour.
You continue putting on your +0 chain mail. x5
You finish putting on your +0 chain mail.
You see here 3 stones.
Crazy Yiuf shouts!
Could not explore, unopened runed door.
Could not explore, unopened runed door.
You open the door.
Crazy Yiuf cries, "Ghoul disdain seventy!"
You hit Crazy Yiuf but do no damage.
Crazy Yiuf hits you with a +4 quarterstaff of chaos!
You are poisoned.
Crazy Yiuf whimpers, "Cake tortoise illywillydillykilly!"
Crazy Yiuf barely misses you.
You closely miss Crazy Yiuf.
You feel sick.
Crazy Yiuf glowers.
Crazy Yiuf barely misses you.
You closely miss Crazy Yiuf.
You feel sick.
Crazy Yiuf hits you with a +4 quarterstaff of chaos!
Crazy Yiuf burns you.
* * * LOW HITPOINT WARNING * * *
Crazy Yiuf barely misses you.
You completely miss Crazy Yiuf.
You feel sick.
Crazy Yiuf cries, "Citrus!
Ice poople head."
Crazy Yiuf hits you with a +4 quarterstaff of chaos.
* * * LOW HITPOINT WARNING * * *
You closely miss Crazy Yiuf.
You feel sick.
You are no longer poisoned.
Crazy Yiuf screams, "Trifle ragdoll sallow!"
Crazy Yiuf barely misses you.
Crazy Yiuf says, "Defame!"
Crazy Yiuf barely misses you.
You hit Crazy Yiuf.
Crazy Yiuf is lightly wounded.
Crazy Yiuf whimpers, "Nubble!
Blight return to song pontify."
Crazy Yiuf hits you with a +4 quarterstaff of chaos.
You die...

#+..+#####.#
# #....#
#..# #
♣....♣ ####
# ♣...♣♣
#########
♣♣.♣♣
#........
♣.♣♣
#.#######
♣♣.♣ #.#
♣.♣♣
####(######
♣♣@♣
#.........#
#g#
#.........##
...
####.###....
#...#
#.###.###
#..)#
#.##...##
#####
#........
####...##
##.### #....


You could see Crazy Yiuf.

Vanquished Creatures
  Terence (D:2)
  3 adders (D:2)
  2 dart slugs
  A ribbon worm (D:2)
  3 ball pythons
  3 bats
  3 giant cockroaches
  4 hobgoblins
  A quokka (D:1)
  2 frilled lizards (D:2)
  6 goblins
  2 kobolds
  5 rats
36 creatures vanquished.

Notes
Turn   | Place    | Note
-------+----------+-------------------------------------------
     0 | D:1      | Alarak the Mountain Dwarf Fighter began the quest for the
                  | Orb.
     0 | D:1      | Reached XP level 1. HP: 19/19 MP: 1/1
   171 | D:1      | Reached skill level 4 in Fighting
   171 | D:1      | Reached XP level 2. HP: 27/27 MP: 2/2
   354 | D:1      | Found Qesicir's Distillery.
   619 | D:1      | Reached XP level 3. HP: 24/34 MP: 3/3
   956 | D:2      | Found a faded altar of an unknown god.
  1064 | D:2      | Reached skill level 5 in Fighting
  1171 | D:2      | Noticed Terence
  1178 | D:2      | Reached XP level 4. HP: 29/42 MP: 4/4
  1182 | D:2      | Killed Terence
  1290 | D:2      | Reached skill level 6 in Fighting
  1510 | D:2      | Found a runed translucent door.
  1511 | D:2      | Noticed Crazy Yiuf
  1783 | D:2      | Slain by Crazy Yiuf

Illustrated notes

Levels and vault maps discovered:
D:1:      dpeg_arrival_lava_altar, layout_basic, serial_shops, shop
D:2:      layout_loops_ring, ebering_ecumenical_altar_rust,
          kennysheep_decorative_pillar, uniq_crazy_yiuf_cottage, uniq_terence

Skill      XL: |  1  2  3  4 |
---------------+-------------+-----
Fighting       | 4 5 6 |  6.1
Axes           | |  2.4
Armour         | |  3.2
Shields        | |  3.2

Action                     |  1- 3 |  4- 6 || total
---------------------------+-------+-------++-------
  Melee: War axe           |    82 |    34 ||   116
    Use: Scroll            |     2 |       ||     2
 Armour: Scale mail        |    63 |    13 ||    76
         Chain mail        |       |     4 ||     4
  Dodge: Dodged            |    39 |    25 ||    64
  Block: Buckler           |    15 |     6 ||    21

Table legend: (Time is in decaauts)
 A = Elapsed time spent in this place.
 B = Non-inter-level travel time spent in this place.
 C = Inter-level travel time spent in this place.
 D = Time resting spent in this place.
 E = Time spent auto-exploring this place.
 F = Levels seen in this place.
 G = Mean time per level.
                   A        B        C        D        E       F      G
               +--------+--------+--------+--------+--------+-----+--------+
         Total |   1829 |   1768 |     61 |     77 |   1401 |   2 |  914.5 |
       Dungeon |   1829 |   1768 |     61 |     77 |   1401 |   2 |  914.5 |
               +--------+--------+--------+--------+--------+-----+--------+

Top non-repeatable levels by time:
     D:2: 937 daAuts
     D:1: 891 daAuts
